AoeStats
← 13395376

Arena

510534623Analyzed
1v1 RM · 2d ago on Oct 1, 2026· 27m 10s· 2 players
Game mode
Random Map
Map size
Tiny (2 player)
Population
200
Speed
Normal
Resources
Standard
Victory
Conquest
Starting age
Dark Age
Ending age
Imperial Age
RankedLock teamsTeams togetherTeam positionsShared explorationLock speedFull tech treeHidden civsTurbo modeCheats
Victory
Defeat
🇨🇳 Japanese · China
287
+17
🇪🇸 Franks · Spain
313
-17
13395376
1:22 Loom
12:45 Feudal Age
13:44 Double-Bit Axe
13:53 Stone Mining
13:54 Gold Mining
19:47 Castle Age
21:47 Husbandry
kriegtrader
19:16 Feudal Age
22:44 Town Watch
28:08 Castle Age
26:09 Man-at-Arms
Connection lost

Rejoining the realm…

Still unreachable

The connection could not be restored.

Session expired

The server has moved on; the page needs a fresh start.